 Dungeon Crawl Stone Soup version 0.20.0-15-g7f486f2 (webtiles) character file.

32 Chiseanne the Magician (level 3, 0/24 HPs)
             Began as a Demonspawn Wizard on June 15, 2017.
             Slain by Terence
             ... wielding a +1 flail of protection
              (5 damage)
             ... on level 2 of the Dungeon.
             The game lasted 00:02:37 (1360 turns).

Chiseanne the Magician (Demonspawn Wizard)          Turns: 1360, Time: 00:02:37

Health: 0/24       AC:  3    Str:  7    XL:     3   Next: 10%
Magic:  1/7        EV: 11    Int: 20    God:
Gold:   44         SH:  0    Dex: 13    Spells: 5/8 levels left

rFire    . . .     SeeInvis .   o - +0 mace
rCold    . . .     Gourm    .   (no shield)
rNeg     . . .     Faith    .   e - +0 leather armour {rPois}
rPois    +         Spirit   .   b - +0 hat
rElec    .         Reflect  .   (no cloak)
rCorr    .         Harm     .   (no gloves)
MR       .....                  (no boots)
Stlth    ++........             (no amulet)
Regen    0.1/turn               (no ring)
MPRegen  0.1/turn               (no ring)

@: very slightly contaminated
A: thin skeletal structure 1
a: no special abilities


You were on level 2 of the Dungeon.
You were not hungry.

You visited 1 branch of the dungeon, and saw 2 of its levels.

You collected 44 gold pieces.

Inventory:

Hand Weapons
 o - a +0 mace (weapon)
Missiles
 g - 26 arrows
 h - 23 stones (quivered)
 l - 65 bolts
 m - 13 sling bullets
Armour
 b - a +0 hat (worn)
 e - a +0 leather armour of poison resistance (worn)
Magical Staves
 f - an uncursed staff of power {unknown}
Books
 c - a book of Minor Magic

   Spells                             Type                      Level
   a - Magic Dart                     Conjuration                  1
   b - Blink                          Translocation                2
   c - Call Imp                       Summoning                    2
   d - Slow                           Hexes                        2
   e - Conjure Flame                  Conjuration/Fire             3
   f - Mephitic Cloud                 Conjuration/Poison/Air       3
Comestibles
 a - a royal jelly
 d - 2 bread rations


   Skills:
 - Level 1.7 Dodging
 - Level 1.7 Stealth
 * Level 3.4 Spellcasting
 * Level 2.4 Conjurations
   Level 1.0 Summonings
 - Level 0.8 Translocations


You had 5 spell levels left.
You knew the following spells:

 Your Spells              Type           Power        Failure   Level  Hunger
a - Magic Dart            Conj           ##..         8%          1    None
b - Blink                 Tloc           N/A          22%         2    ##.....


Dungeon Overview and Level Annotations

Branches:
Dungeon (2/15)

Altars:

Annotations:
D:1 1 runed door
D:2 Terence


Innate Abilities, Weirdness & Mutations

You have a somewhat thin skeletal structure. (Dex +2, Stealth)


Message History

Terence barely misses you. Terence looks scornfully at you.
Casting: Blink
Confirm with . or Enter, or press ? or * to list all spells.
You blink.
Okay, then.
You aren't carrying any items that you can evoke without wielding.
Unknown command.
Okay, then.
Okay, then.
It was a potion of curing.
You feel better.
Terence hits you with a flail of protection.
Terence hits you with a flail of protection!
* * * LOW HITPOINT WARNING * * *
Casting: Blink
Confirm with . or Enter, or press ? or * to list all spells.
You don't have enough magic to cast that spell.
Terence barely misses you.
Terence hits you with a flail of protection.
You die...

#,* #.# #........
**#.#####.#####>.......
*,............##.......
*,*,*#.................
*,*,*#.#.####.##)......
*,*,*#.#.# #.##.......
*,*,*#.#.# #.##.......
*,*,*#.#.# #.##.......
*,*,*#@#.# #.######+##
*,*,*#.@.####+#####*,*#
*,*,*#.##..........,,,,
*,*,*####.......##,,,,,
****,*,<,,*#.......<#,*,**
*,,,,*,,..##........#,*,**
*,**,,,..........#..#,,,,,
*,**,,*###########..#,,,..
*,,,,,,,,,,,,,,..#..#,,,,.


You could see Terence.

Vanquished Creatures
  2 oozes
  A giant cockroach (D:1)
  6 goblins (D:1)
  2 hobgoblins (D:1)
  5 kobolds
  A ball python (D:1)
  2 bats (D:1)
  A frilled lizard (D:2)
  3 rats
23 creatures vanquished.

Notes
Turn   | Place    | Note
-------+----------+-------------------------------------------
     0 | D:1      | Chiseanne the Demonspawn Wizard began the quest for the Orb.
     0 | D:1      | Reached XP level 1. HP: 13/13 MP: 4/4
     0 | D:1      | Noticed a jelly
     1 | D:1      | Found a runed door.
   411 | D:1      | Gained mutation: You have a somewhat thin skeletal structure. (Dex +2, Stealth) [demonic ancestry]
   411 | D:1      | Reached XP level 2. HP: 19/19 MP: 1/6
  1091 | D:2      | Learned a level 2 spell: Blink
  1187 | D:2      | Reached XP level 3. HP: 24/24 MP: 2/7
  1329 | D:2      | Noticed Terence
  1360 | D:2      | Slain by Terence

Skill      XL: |  1  2 |
---------------+-------+-----
Conjurations   | 2 |  2.4
Dodging        | |  1.7
Stealth        | |  1.7
Spellcasting   | |  3.4
Summonings     | |  1.0
Translocations | |  0.8

Action                   || total
-------------------------++-------
 Cast: Magic Dart        ||    44
       Blink             ||     2
  Use: Scroll            ||     5
       Potion            ||     1
  Eat: Chunk             ||     1
Dodge: Dodged            ||     4
